 Dungeon Crawl Stone Soup version 0.18.1-5-g4a78601 (webtiles) character file.

32 skyy0731 the Caller (level 3, -2/24 HPs)
             Began as a Vampire Summoner on May 11, 2016.
             Slain by an adder (3 damage)
             ... on level 2 of the Dungeon on May 12, 2016.
             The game lasted 00:10:46 (1609 turns).

skyy0731 the Caller (Vampire Summoner)              Turns: 1609, Time: 00:10:47

Health: -2/24      AC:  2    Str:  7    XL:     3   Next: 10%
Magic:  6/6        EV: 13    Int: 18    God:
Gold:   57         SH:  0    Dex: 14    Spells: 2 memorised, 3 levels left

rFire  . . .     SeeInvis +     l - +1 short sword (elec)
rCold  . . .     Gourm    .     e - +0 robe
rNeg   + . .     Faith    .     (no shield)
rPois  .         Spirit   .     (no helmet)
rElec  .         Dismiss  .     (no cloak)
rCorr  .         Reflect  .     (no gloves)
SustAt .         Harm     .     (no boots)
MR     .....                    d - amulet of magic regeneration
Stlth  +++.......               (no ring)
                                (no ring)

@: lethally poisoned (-2 -> -5), not resistant to hostile enchantments, fairly
stealthy
A: fangs 3, see invisible, unbreathing
a: Bat Form


You were on level 2 of the Dungeon.
You were not thirsty.

You visited 1 branch of the dungeon, and saw 2 of its levels.

You collected 57 gold pieces.

Inventory:

Hand Weapons
 f - a +1 antimagic spear
 i - a +1 dagger of venom
 l - a +1 short sword of electrocution (weapon)
Armour
 e - a +0 robe (worn)
Jewellery
 d - an amulet of magic regeneration (around neck)
Scrolls
 a - a scroll of identify
 k - a scroll of enchant weapon
Potions
 c - a potion of blood
 j - a potion of curing {unknown}
Books
 b - a book of Callings

   Spells                             Type                      Level
   a - Summon Small Mammal            Summoning                    1
   b - Call Imp                       Summoning                    2
   c - Call Canine Familiar           Summoning                    3
   d - Summon Guardian Golem          Hexes/Summoning              3
   e - Summon Lightning Spire         Summoning/Air                4
   f - Summon Ice Beast               Ice/Summoning                4
Comestibles
 g - a meat ration
 h - a slice of pizza


   Skills:
 - Level 2.4 Dodging
 + Level 3.2 Stealth
 - Level 2.0 Spellcasting
 * Level 4.8 Summonings


You had 3 spell levels left.
You knew the following spells:

 Your Spells              Type           Power        Failure   Level  Hunger
a - Summon Small Mammal   Summ           ###.         2%          1    #......
b - Call Imp              Summ           ###.....     4%          2    ###....


Dungeon Overview and Level Annotations

Branches:
Dungeon (2/15)

Altars:


Innate Abilities, Weirdness & Mutations

You have razor-sharp teeth.
You have supernaturally acute eyesight.
You can survive without breathing.


Message History

You feel sick.
Your bat closely misses the adder.
The adder completely misses you.
Your bat closely misses the adder.
Your white imp misses the adder.
You feel sick. The adder bites you.
* * * LOW HITPOINT WARNING * * *
Your bat barely misses the adder.
The adder closely misses you.
* * * LOW HITPOINT WARNING * * *
You feel sick.
Your white imp disappears in a puff of smoke!
Your bat closely misses the goblin.
Your bat misses the goblin. Your bat hits the goblin. The adder bites you.
* * * LOW HITPOINT WARNING * * *
* * * LOW HITPOINT WARNING * * *
You feel sick. The adder misses you.
The goblin closely misses your crimson imp.
The adder closely misses you.
The goblin hits something with a club.
The adder misses you.
* * * LOW HITPOINT WARNING * * *
You feel sick. The adder bites you.
You die...

###.###########)..#.##......
.... #.. #...#....<####.....
## #.......5..........
#...#..#.#..##.#...
#.....##...........
#...#..#†..###.#...
#...##.....# .#..
#...##.>.#.###....
######@###...#....†.#.
##....S.##..#..........
#....g##...##.#....###.
#8.P855...........##
#..P8....<.##.....#.#
...8.P............#.#
#.###.....###†....#.# #
#.##### ##.>###.. ... .... #


You could see an adder, a goblin and a friendly crimson imp.

Vanquished Creatures
  An adder (D:2)
  A dart slug (D:1)
  A hobgoblin (D:1)
  2 jackals (D:1)
  2 bats
  A goblin (D:2)
  A kobold (D:1)
  A quokka skeleton (D:2)
  2 rats (D:2)
12 creatures vanquished.

Vanquished Creatures (collateral kills)
  2 giant geckos
  3 bats
  A giant cockroach (D:1)
  3 goblins (D:1)
  3 hobgoblins (D:1)
  A jackal (D:1)
  A ball python (D:2)
  2 giant newts (D:2)
  A kobold (D:1)
  2 quokka skeletons (D:2)
19 creatures vanquished.

Grand Total: 31 creatures vanquished

Notes
Turn   | Place    | Note
--------------------------------------------------------------
     0 | D:1      | skyy0731 the Vampire Summoner began the quest for the Orb.
     0 | D:1      | Reached XP level 1. HP: 13/13 MP: 3/3
   629 | D:1      | Reached XP level 2. HP: 19/19 MP: 0/5
  1566 | D:2      | Learned a level 2 spell: Call Imp
  1577 | D:2      | Reached XP level 3. HP: 15/24 MP: 6/6
  1605 | D:2      | HP: 1/24 [poisoned by an adder]
  1609 | D:2      | Slain by an adder

Action                   || total
-------------------------++-------
Melee: Unarmed           ||    14
       Bite              ||     8
       Spear             ||    12
       Short sword       ||     6
       Dagger            ||     5
 Cast: Summon Small Mamm ||    42
       Call Imp          ||     4
  Use: Scroll            ||     3
       Potion            ||     2
  Eat: Corpse            ||     3
Armor: Robe              ||    29
Dodge: Dodged            ||    53
